 Dungeon Crawl Stone Soup version 0.28-a0-503-g83f2989fac (webtiles) character file.

Game seed: 17912903995092744866

168 Fingolfin the Firebug (level 5, -2/38 (42) HPs)
             Began as a Naga Fire Elementalist on Sept 20, 2021.
             Slain by a wight (6 damage)
             ... in a sewer.
             The game lasted 00:12:16 (2688 turns).

Fingolfin the Firebug (Naga Fire Elementalist)      Turns: 2688, Time: 00:12:16

HP:   -2/38 (42)    AC:  6    Str: 10    XL:     5   Next: 48%
MP:   0/10          EV: 12    Int: 16    God:
Gold: 36            SH:  3    Dex: 12    Spells: 4/11 levels left

rFire   + . .      SeeInvis +   b - +0 hand axe
rCold   x . .      Faith    .   t - +0 buckler
rNeg    . . .      Spirit   .   c - +0 leather armour
rPois   +          Reflect  .   (no helmet)
rElec   .          Harm     .   (no cloak)
rCorr   .          Rampage  .   h - +2 pair of gloves
Will    .....                   (no barding)
Stlth   ++........              (no amulet)
HPRegen 0.12/turn               j - ring of fire
MPRegen 0.12/turn               r - +4 ring of evasion

@: very slightly contaminated, drained, very slow
A: AC +1, large, see invisible, deformed body, poison resistance, slowness 2,
spit poison 1, naga tail 1
a: Spit Poison


You were in a sewer.
You visited 1 branch of the dungeon, and saw 3 of its levels.
You also visited: Sewer.

You collected 36 gold pieces.

Inventory:

Hand Weapons
 b - a +0 hand axe (weapon)
Missiles
 e - 7 poisoned darts
Armour
 c - a +0 leather armour (worn)
 h - a +2 pair of gloves (worn)
 s - a +0 robe
 t - a +0 buckler (worn)
Magical Staves
 a - a staff of earth
Jewellery
 j - a ring of fire (left hand)
 r - a +4 ring of evasion (right hand)
Scrolls
 d - 2 scrolls of fear
 f - a scroll of torment {unknown}
 k - a scroll of noise {unknown}
 m - 2 scrolls of teleportation {unknown}
 p - a scroll of enchant weapon {unknown}
 q - a scroll of vulnerability {unknown}
Potions
 g - a potion of curing
 i - a potion of haste {unknown}
 l - a potion of flight {unknown}
 n - a potion of might {unknown}
 o - a potion of berserk rage {unknown}


   Skills:
 + Level 0.0 Fighting
 - Level 1.5 Dodging
 - Level 3.0 Stealth
 * Level 0.1 Shields
 * Level 3.9 Spellcasting
 + Level 2.3 Conjurations
 - Level 4.0 Fire Magic


You had 4 spell levels left.
You knew the following spells:

 Your Spells              Type           Power      Damage    Failure   Level
a - Foxfire               Conj/Fire      76%        2x1d7     11%         1
b - Scorch                Fire           46%        2d7       11%         2
c - Flame Wave            Conj/Fire      19%        3d5       71%         4

Your spell library contained the following spells:

 Spells                   Type           Power      Damage    Failure   Level
 Conjure Flame            Conj/Fire      19%        6-21      30%         3
 Inner Flame              Hex/Fire       14%        N/A       45%         3


Dungeon Overview and Level Annotations

Branches:
Dungeon (3/15)              Sewer (1/1)

Altars:
Gozag
Kikubaaqudgha


Innate Abilities, Weirdness & Mutations

Your serpentine skin is tough. (AC +1)
You have supernaturally acute eyesight. (SInv)
Armour fits poorly on your strangely shaped body.
Your system is resistant to poisons. (rPois)
You cover ground very slowly.
You can spit poison.
You have a snake-like lower body.


Message History

The kobold shoots a bolt.
The bolt hits you!
Casting: Foxfire (safe; 11% risk of failure)
Confirm with . or Enter, or press ? or * to list all spells.
You feel a surge of power!
You conjure some foxfire!
The kobold shoots a bolt.
The bolt barely misses you.
The foxfire hits the ufetubus.
The ufetubus is lightly wounded.
The foxfire hits the ufetubus.
The ufetubus is burned terribly!
The ufetubus is severely wounded.
Casting: Foxfire (safe; 11% risk of failure)
Confirm with . or Enter, or press ? or * to list all spells.
You feel a surge of power!
You conjure some foxfire!
A giant cockroach zombie comes into view.
The foxfire hits the wight but does no damage.
The wight is severely damaged.
The foxfire hits the kobold but does no damage.
The kobold shoots a bolt.
The bolt closely misses you.
The kobold shoots a bolt.
The bolt hits you but does no damage.
You start resting.
A wight is nearby!
Casting: Foxfire (safe; 11% risk of failure)
Confirm with . or Enter, or press ? or * to list all spells.
You feel a surge of power!
You miscast Scorch.
You are very lightly contaminated with residual magic.
Nothing appears to happen.
You hit the wight.
The wight is almost destroyed.
The wight hits you with a +4 mace of freezing!
You feel drained. The wight freezes you.
The wight hits you with a +4 mace of freezing.
You feel drained. The wight freezes you.
Casting: Scorch (safe; 11% risk of failure)
Confirm with . or Enter, or press ? or * to list all spells.
You feel a surge of power!
You conjure some foxfire!
The wight hits you with a +4 mace of freezing!
* * * LOW HITPOINT WARNING * * *
You feel drained.
* * * LOW HITPOINT WARNING * * *
The wight freezes you.
You die...

..#≈≈≈≈≈≈≈ ≈..≈≈≈≈≈≈≈
≈.#≈≈≈≈≈≈≈
..################# ≈.#
≈≈≈≈≈≈≈≈≈≈.+
≈.#≈≈≈≈≈≈≈≈≈≈≈≈≈..#
≈.#≈≈≈≈≈≈≈≈≈≈≈≈≈≈.#
≈.#≈≈≈≈≈≈≈≈≈≈≈≈v≈.#
≈.#≈≈≈≈≈≈≈≈≈≈≈≈v@.# ..#
≈§≈≈≈≈≈≈≈≈≈.z.#
..####≈#≈≈###≈#.### .##
..#.............≈≈#K..#
≈.........)....≈≈≈≈Z5.5
≈.#..........)..≈≈#...#
≈####≈##≈##≈###.### .##
≈≈≈≈≈≈≈≈≈≈≈≈≈≈≈... ≈#
≈≈≈≈≈≈≈≈≈≈≈≈≈≈≈≈†.# #


You could see a wight (ally target).

Vanquished Creatures
  3 gnolls (D:2)
  4 adders
  A shadow imp (Sewer)
  An ufetubus (Sewer)
  3 worms
  A dart slug (D:1)
  An orc (D:3)
  6 endoplasms
  8 giant cockroaches
  4 goblins
  3 hobgoblins
  7 jackals
  10 kobolds
  3 quokkas (D:3)
  7 ball pythons
  6 bats
  A frilled lizard (D:3)
  2 kobold zombies (Sewer)
  4 rats
75 creatures vanquished.

Vanquished Creatures (others)
  87 foxfires
  3 plants (D:2)
90 creatures vanquished.

Grand Total: 165 creatures vanquished

Notes
Turn   | Place    | Note
-------+----------+-------------------------------------------
     0 | D:1      | Fingolfin the Naga Fire Elementalist began the quest for
                  | the Orb.
     0 | D:1      | Reached XP level 1. HP: 15/15 MP: 3/3
   521 | D:1      | Reached XP level 2. HP: 4/22 MP: 0/5
   533 | D:1      | Learned a level 2 spell: Scorch
  1342 | D:2      | Reached XP level 3. HP: 25/28 MP: 3/6
  1536 | D:2      | Reached skill level 4 in Fire Magic
  1644 | D:2      | Reached XP level 4. HP: 36/36 MP: 0/7
  1788 | D:2      | Found an ancient bone altar of Kikubaaqudgha.
  2238 | D:3      | Found an opulent altar of Gozag.
  2276 | D:3      | Reached XP level 5. HP: 41/42 MP: 5/10
  2333 | D:3      | Found a glowing drain.
  2387 | Sewer    | Entered a sewer
  2611 | Sewer    | Learned a level 4 spell: Flame Wave
  2688 | Sewer    | Slain by a wight

Illustrated notes

Levels and vault maps discovered:
D:1:      eino_arrival_druids_welcome, layout_loops_ring, minmay_crystal_water,
          kennysheep_crisscross
D:2:      layout_basic, basic_altar, serial_bayou_ford_a,
          amcnicky_mini_corridor_feature
D:3:      layout_basic, mainiacjoe_overflow_small_starburst,
          portal_sewer_entry_f, hangedman_decor_slide_cut,
          chequers_serial_rivers_micro_b
Sewer:    kennysheep_sewer_church

Skill      XL: |  1  2  3  4 |
---------------+-------------+-----
Conjurations   | 2 |  2.3
Fire Magic     | 4 |  4.0
Spellcasting   | 3 |  3.9
Dodging        | |  1.5
Stealth        | |  3.0
Shields        | |  0.1

Action                   |  1- 3 |  4- 6 || total
-------------------------+-------+-------++-------
Melee: Hand axe          |    24 |    25 ||    49
 Cast: Foxfire           |     9 |    43 ||    52
       Scorch            |    17 |     9 ||    26
 Abil: Spit Poison       |    12 |    11 ||    23
  Use: Potion            |     1 |       ||     1
       Scroll            |       |     1 ||     1
Armor: Leather armour    |    13 |    11 ||    24
Dodge: Dodged            |    32 |    40 ||    72

Table legend: (Time is in decaauts)
 A = Elapsed time spent in this place.
 B = Non-inter-level travel time spent in this place.
 C = Inter-level travel time spent in this place.
 D = Time resting spent in this place.
 E = Time spent auto-exploring this place.
 F = Levels seen in this place.
 G = Mean time per level.
                   A        B        C        D        E       F      G
               +--------+--------+--------+--------+--------+-----+--------+
         Total |   3259 |   3168 |     91 |   1039 |   1420 |   4 |  814.8 |
       Dungeon |   2919 |   2828 |     91 |    908 |   1362 |   3 |  973.0 |
         Sewer |    340 |    340 |      0 |    131 |     58 |   1 |  340.0 |
               +--------+--------+--------+--------+--------+-----+--------+

Top non-repeatable levels by time:
     D:1: 1570 daAuts
     D:2: 1096 daAuts
   Sewer: 340 daAuts
     D:3: 253 daAuts
